[ AOE2 MATCH · #495277636 ]
UnrankedVietnamese vs Bengalis
Player's team · LOSS
[ REPLAY ANALYSIS · EXTRACTED FROM THE RECORDED GAME ]
Feudal
10:56
Castle
14:51
Imperial
—
| APM avg | 42.3 |
| APM peak | 118 |
| eAPM avg | 19.4 |
| Villagers / military | 55 / 17 |
Focus
⚔️ 28.4% · 🌾 71.6%
Rattan Archer ×15 · Mangonel ×2
Feudal
11:24
Castle
15:22
Imperial
—
| APM avg | 35.7 |
| APM peak | 109 |
| eAPM avg | 16.5 |
| Villagers / military | 35 / 33 |
Focus
⚔️ 37.4% · 🌾 62.6%
Ratha (Ranged) ×27 · Armored Elephant ×6
Match map
Initial resources + every placement click. Lines = walls · curves = elevation contours. ◆ gold · ⬟ stone · ● berries · ✦ relic · ◌ wall gap
Your base· Open — 5t gap
twitch.tv/lenin92xxx's base· Open — opponent sealed themselves in
Smoothed initial terrain · ◌ = detected wall gap · hover for details
Inputs per minute
— LM | Gelga - - twitch.tv/lenin92xxx
Build order — LM | Gelga
134 actions detected in the replay
| 0:01 | Queue | Villager (Male) |
| 0:01 | Queue | Villager (Male) |
| 0:01 | Queue | Villager (Male) |
| 0:02 | Queue | Villager (Male) |
| 0:02 | Queue | Villager (Male) |
| 0:03 | Build | House |
| 0:05 | Build | House |
| 1:11 | Research | Loom |
| 1:32 | Queue | Villager (Male) |
| 2:06 | Queue | Villager (Male) |
| 2:23 | Queue | Villager (Male) |
| 2:33 | Build | Lumber Camp |
| 2:45 | Queue | Villager (Male) |
| 3:05 | Queue | Villager (Male) |
| 3:25 | Queue | Villager (Male) |
| 3:28 | Build | House |
| 3:29 | Build | House |
| 3:48 | Queue | Villager (Male) |
| 3:49 | Queue | Villager (Male) |
| 4:06 | Queue | Villager (Male) |
| 4:58 | Build | Mill |
| 5:17 | Queue | Villager (Male) |
| 5:33 | Queue | Villager (Male) |
| 5:53 | Queue | Villager (Male) |
| 6:04 | Queue | Villager (Male) |
| 6:19 | Queue | Villager (Male) |
| 6:41 | Queue | Villager (Male) |
| 7:34 | Queue | Villager (Male) |
| 7:38 | Research | Loom |
| 7:52 | Build | Mill |
| 8:00 | Build | Mining Camp |
| 8:28 | Build | House |
| 8:34 | Research | Feudal Age |
| 9:38 | Queue | Villager (Male) |
| 9:38 | Queue | Villager (Male) |
| 9:44 | Build | Farm |
| 9:47 | Build | Farm |
| 10:56 | Age | Feudal Age |
| 11:00 | Build | Market |
| 11:05 | Build | Blacksmith |
| 11:18 | Queue | Villager (Male) |
| 11:57 | Build | Mining Camp |
| 12:06 | Research | Castle Age |
| 12:21 | Build | Palisade Wall |
| 12:25 | Build | Palisade Wall |
| 12:26 | Build | Palisade Wall |
| 12:37 | Build | House |
| 12:41 | Build | Palisade Wall |
| 13:10 | Research | Double-Bit Axe |
| 13:28 | Research | Horse Collar |
| 14:25 | Build | House |
| 14:28 | Build | Palisade Wall |
| 14:30 | Research | Fletching |
| 14:51 | Age | Castle Age |
| 14:52 | Queue | Villager (Male) |
| 15:01 | Build | House |
| 15:02 | Build | Palisade Wall |
| 15:26 | Build | Farm |
| 15:29 | Queue | Villager (Male) |
| 15:50 | Build | Castle |
| 16:53 | Build | Town Center |
| 17:03 | Queue | Rattan Archer |
| 17:16 | Build | Stone Wall |
| 17:34 | Queue | Villager (Male) |
| 18:03 | Build | Farm |
| 18:04 | Queue | Villager (Male) |
| 18:24 | Build | Farm |
| 18:33 | Build | Farm |
| 18:38 | Queue | Villager (Male) |
| 18:55 | Build | Farm |
| 18:58 | Build | Farm |
| 19:02 | Queue | Villager (Male) |
| 19:17 | Queue | Villager (Male) |
| 19:20 | Queue | Rattan Archer |
| 19:30 | Queue | Villager (Male) |
| 19:47 | Build | Siege Workshop |
| 20:02 | Queue | Villager (Male) |
| 20:19 | Queue | Villager (Male) |
| 20:40 | Build | Castle |
| 20:41 | Build | Mining Camp |
| 20:43 | Queue | Villager (Male) |
| 20:43 | Queue | Villager (Male) |
| 21:06 | Queue | Villager (Male) |
| 21:07 | Queue | Mangonel |
| 21:30 | Queue | Villager (Male) |
| 21:30 | Queue | Villager (Male) |
| 22:01 | Build | House |
| 22:03 | Build | House |
| 22:18 | Queue | Villager (Male) |
| 22:18 | Queue | Villager (Male) |
| 22:18 | Queue | Villager (Male) |
| 22:30 | Build | Castle |
| 22:37 | Queue | Villager (Male) |
| 22:39 | Build | Farm |
| 23:07 | Queue | Villager (Male) |
| 23:07 | Queue | Villager (Male) |
| 23:09 | Queue | Mangonel |
| 23:21 | Queue | Villager (Male) |
| 23:33 | Build | Mining Camp |
| 23:39 | Queue | Villager (Male) |
| 23:51 | Queue | Villager (Male) |
| 24:25 | Queue | Villager (Male) |
| 24:26 | Queue | Villager (Male) |
| 24:49 | Build | House |
| 24:51 | Build | Palisade Wall |
| 25:05 | Build | Stone Wall |
| 25:11 | Build | Stone Wall |
| 25:22 | Build | Town Center |
| 25:25 | Queue | Villager (Male) |
| 25:25 | Queue | Villager (Male) |
| 25:25 | Queue | Villager (Male) |
| 26:17 | Queue | Rattan Archer |
| 26:18 | Queue | Rattan Archer |
| 26:18 | Queue | Rattan Archer |
| 26:18 | Queue | Rattan Archer |
| 27:58 | Queue | Rattan Archer |
| 27:58 | Queue | Rattan Archer |
| 28:26 | Queue | Rattan Archer |
| 28:26 | Queue | Rattan Archer |
| 29:05 | Queue | Rattan Archer |
| 29:05 | Queue | Rattan Archer |
| 29:11 | Build | Mining Camp |
| 29:41 | Build | Farm |
| 29:44 | Build | Farm |
| 30:15 | Build | Farm |
| 30:17 | Build | Farm |
| 30:20 | Build | Castle |
| 30:30 | Build | Farm |
| 30:50 | Queue | Rattan Archer |
| 30:50 | Queue | Rattan Archer |
| 31:42 | Queue | Rattan Archer |
| 32:21 | Build | Castle |
| 32:26 | Queue | Villager (Male) |
| 32:26 | Queue | Villager (Male) |
Build order — twitch.tv/lenin92xxx
123 actions detected in the replay
| 0:00 | Queue | Villager (Male) |
| 0:00 | Queue | Villager (Male) |
| 0:00 | Queue | Villager (Male) |
| 0:00 | Queue | Villager (Male) |
| 0:02 | Build | House |
| 0:03 | Build | House |
| 1:15 | Queue | Villager (Male) |
| 1:54 | Queue | Villager (Male) |
| 2:16 | Queue | Villager (Male) |
| 2:19 | Build | Lumber Camp |
| 2:34 | Build | House |
| 2:36 | Build | House |
| 2:54 | Queue | Villager (Male) |
| 2:55 | Queue | Villager (Male) |
| 2:55 | Queue | Villager (Male) |
| 3:30 | Queue | Villager (Male) |
| 3:30 | Queue | Villager (Male) |
| 4:07 | Queue | Villager (Male) |
| 4:07 | Queue | Villager (Male) |
| 4:37 | Queue | Villager (Male) |
| 4:37 | Queue | Villager (Male) |
| 5:07 | Build | Mill |
| 5:27 | Queue | Villager (Male) |
| 5:34 | Build | Palisade Wall |
| 5:53 | Queue | Villager (Male) |
| 5:54 | Queue | Villager (Male) |
| 5:54 | Queue | Villager (Male) |
| 6:17 | Queue | Villager (Male) |
| 6:18 | Queue | Villager (Male) |
| 6:18 | Queue | Villager (Male) |
| 6:39 | Build | Palisade Wall |
| 6:41 | Build | Palisade Wall |
| 6:45 | Build | Palisade Wall |
| 6:46 | Build | Palisade Wall |
| 6:54 | Build | Palisade Wall |
| 7:28 | Research | Loom |
| 7:28 | Queue | Villager (Male) |
| 7:29 | Queue | Villager (Male) |
| 7:45 | Build | Mining Camp |
| 8:57 | Research | Feudal Age |
| 9:09 | Build | Palisade Wall |
| 9:12 | Build | Palisade Wall |
| 9:14 | Build | Palisade Wall |
| 9:18 | Build | Palisade Wall |
| 9:36 | Build | Palisade Wall |
| 9:38 | Build | Palisade Wall |
| 10:19 | Build | Palisade Wall |
| 10:20 | Build | Palisade Wall |
| 10:20 | Build | Palisade Wall |
| 10:54 | Build | Farm |
| 11:24 | Age | Feudal Age |
| 11:28 | Build | Market |
| 11:30 | Build | Blacksmith |
| 11:56 | Build | Farm |
| 12:42 | Research | Castle Age |
| 15:22 | Age | Castle Age |
| 15:24 | Build | Castle |
| 15:29 | Build | Lumber Camp |
| 15:35 | Build | Mining Camp |
| 15:37 | Queue | Villager (Male) |
| 15:38 | Queue | Villager (Male) |
| 16:04 | Queue | Ratha (Ranged) |
| 16:14 | Build | Lumber Camp |
| 16:18 | Queue | Villager (Male) |
| 17:06 | Queue | Ratha (Ranged) |
| 17:11 | Build | Siege Workshop |
| 17:20 | Queue | Villager (Male) |
| 18:06 | Build | Farm |
| 18:07 | Build | Farm |
| 18:09 | Build | Mill |
| 18:11 | Queue | Armored Elephant |
| 18:39 | Build | Farm |
| 18:43 | Build | Farm |
| 18:47 | Build | Farm |
| 19:07 | Queue | Armored Elephant |
| 19:47 | Build | Farm |
| 19:47 | Queue | Villager (Male) |
| 19:47 | Queue | Villager (Male) |
| 19:48 | Queue | Villager (Male) |
| 19:59 | Queue | Armored Elephant |
| 20:19 | Build | Farm |
| 20:19 | Build | Farm |
| 20:19 | Build | Farm |
| 20:19 | Build | Farm |
| 20:24 | Queue | Villager (Male) |
| 21:05 | Queue | Armored Elephant |
| 21:25 | Queue | Villager (Male) |
| 21:37 | Queue | Ratha (Ranged) |
| 21:40 | Research | Padded Archer Armor |
| 22:12 | Queue | Ratha (Ranged) |
| 22:12 | Queue | Ratha (Ranged) |
| 22:34 | Queue | Villager (Male) |
| 22:48 | Queue | Ratha (Ranged) |
| 22:48 | Queue | Ratha (Ranged) |
| 23:04 | Research | Fletching |
| 23:17 | Build | House |
| 23:18 | Build | House |
| 23:31 | Research | Leather Archer Armor |
| 23:50 | Build | Siege Workshop |
| 24:42 | Queue | Armored Elephant |
| 25:04 | Queue | Ratha (Ranged) |
| 25:04 | Queue | Ratha (Ranged) |
| 25:42 | Queue | Armored Elephant |
| 26:39 | Build | Mining Camp |
| 27:02 | Build | Castle |
| 27:20 | Build | Mining Camp |
| 27:29 | Build | Castle |
| 27:43 | Queue | Ratha (Ranged) |
| 27:43 | Queue | Ratha (Ranged) |
| 27:43 | Queue | Ratha (Ranged) |
| 27:44 | Queue | Ratha (Ranged) |
| 27:44 | Queue | Ratha (Ranged) |
| 28:29 | Queue | Ratha (Ranged) |
| 29:32 | Queue | Ratha (Ranged) ×3 |
| 31:25 | Queue | Ratha (Ranged) |
| 31:26 | Queue | Ratha (Ranged) |
| 31:26 | Queue | Ratha (Ranged) |
| 31:26 | Queue | Ratha (Ranged) |
| 31:26 | Queue | Ratha (Ranged) |
| 31:49 | Queue | Ratha (Ranged) |
| 31:49 | Queue | Ratha (Ranged) |
| 32:13 | Queue | Ratha (Ranged) |
| 32:13 | Queue | Ratha (Ranged) |
Match timeline
| 5:34 | twitch.tv/lenin92xxx · wall_segment Palisade Wall x6 |
| 6:39 | twitch.tv/lenin92xxx · wall_segment Palisade Wall x1 |
| 6:41 | twitch.tv/lenin92xxx · wall_segment Palisade Wall x6 |
| 6:45 | twitch.tv/lenin92xxx · wall_segment Palisade Wall x1 |
| 6:46 | twitch.tv/lenin92xxx · wall_segment Palisade Wall x1 |
| 6:54 | twitch.tv/lenin92xxx · wall_segment Palisade Wall x3 |
| 9:09 | twitch.tv/lenin92xxx · wall_segment Palisade Wall x1 |
| 9:12 | twitch.tv/lenin92xxx · wall_segment Palisade Wall x1 |
| 9:14 | twitch.tv/lenin92xxx · wall_segment Palisade Wall x1 |
| 9:18 | twitch.tv/lenin92xxx · wall_segment Palisade Wall x1 |
| 9:36 | twitch.tv/lenin92xxx · wall_segment Palisade Wall x1 |
| 9:38 | twitch.tv/lenin92xxx · wall_segment Palisade Wall x1 |
| 10:19 | twitch.tv/lenin92xxx · wall_segment Palisade Wall x1 |
| 10:20 | twitch.tv/lenin92xxx · wall_segment Palisade Wall x1 |
| 10:20 | twitch.tv/lenin92xxx · wall_segment Palisade Wall x1 |
| 10:56 | LM | Gelga · age_up feudal |
| 11:24 | twitch.tv/lenin92xxx · age_up feudal |
| 12:21 | LM | Gelga · wall_segment Palisade Wall x14 |
| 12:25 | LM | Gelga · wall_segment Palisade Wall x8 |
| 12:26 | LM | Gelga · wall_segment Palisade Wall x1 |
| 12:35 | twitch.tv/lenin92xxx · first_market_sell 100 wood |
| 12:41 | LM | Gelga · wall_segment Palisade Wall x4 |
| 14:28 | LM | Gelga · wall_segment Palisade Wall x3 |
| 14:51 | LM | Gelga · age_up castle |
| 15:02 | LM | Gelga · wall_segment Palisade Wall x3 |
| 15:22 | twitch.tv/lenin92xxx · age_up castle |
| 15:24 | twitch.tv/lenin92xxx · first_building Castle |
| 15:47 | LM | Gelga · first_market_buy 100 stone |
| 15:50 | LM | Gelga · first_building Castle |
| 17:11 | twitch.tv/lenin92xxx · first_building Siege Workshop |
| 17:16 | LM | Gelga · wall_segment Stone Wall x2 |
| 17:58 | twitch.tv/lenin92xxx · first_market_buy 100 food |
| 19:47 | LM | Gelga · first_building Siege Workshop |
| 21:44 | LM | Gelga · first_market_sell 100 wood |
| 24:51 | LM | Gelga · wall_segment Palisade Wall x1 |
| 25:05 | LM | Gelga · wall_segment Stone Wall x1 |
| 25:11 | LM | Gelga · wall_segment Stone Wall x2 |
| 33:22 | LM | Gelga · resign |
[ AI ANALYSIS · 1 CREDIT ]
What really happened in this match?
Wolo.gg analyzes every decision: build order, eco, micro, common mistakes by bracket. Personalized analysis on WhatsApp or Discord in 30 seconds.
Civ guide
Vietnamese
Perfil
Jugador #1389602